 Dungeon Crawl Stone Soup version 0.29-a0-520-gc852659d43 (webtiles) character file.

Game seed: 14570685292901121537

466 Crownlay the Cleaver (level 7, 0/61 HPs)
             Began as a Hill Orc Fighter on May 31, 2022.
             Slain by a mummy (7 damage)
             ... in an ossuary.
             The game lasted 00:04:47 (3029 turns).

Crownlay the Cleaver (Hill Orc Fighter)             Turns: 3029, Time: 00:04:48

Health: 0/61       AC:  8    Str: 21    XL:     7   Next: 8%
Magic:  7/7        EV:  9    Int:  8    God:
Gold:   107        SH:  4    Dex: 10    Spells: 6/6 levels left

rFire   . . .      SeeInvis .   a - +0 war axe
rCold   . . .      Faith    .   c - +0 buckler
rNeg    . . .      Spirit   .   b - +0 scale mail
rPois   .          Reflect  .   (no helmet)
rElec   .          Harm     .   (no cloak)
rCorr   .          Rampage  .   y - +0 pair of gloves
Will    .....                   (no boots)
Stlth   ..........              (no amulet)
HPRegen 0.20/turn               (no ring)
MPRegen 0.10/turn               (no ring)

@: no status effects
A: no striking features
a: no special abilities


You were in an ossuary.
You visited 1 branch of the dungeon, and saw 5 of its levels.
You also visited: Ossuary.

You collected 137 gold pieces.
You spent 30 gold pieces at shops.

Inventory:

Hand Weapons
 a - a +0 war axe (weapon)
 t - a +1 vampiric halberd
Armour
 b - a +0 scale mail (worn)
 c - a +0 buckler (worn)
 y - a +0 pair of gloves (worn)
Wands
 w - a wand of polymorph (11)
Scrolls
 e - a scroll of immolation
 f - a scroll of blinking {unknown}
 h - a scroll of fog {unknown}
 i - 5 scrolls of teleportation {unknown}
 k - a scroll of enchant armour
 l - a scroll of vulnerability {unknown}
 m - a scroll of enchant weapon {unknown}
 o - a scroll of noise {unknown}
 q - a scroll of fear {unknown}
 s - a scroll of summoning {unknown}
 u - a scroll of silence
 x - a scroll of poison {unknown}
Potions
 d - a potion of might
 g - a potion of heal wounds {unknown}
 j - a potion of mutation {unknown}
 p - a potion of invisibility {unknown}
 r - a potion of curing {unknown}
 v - a potion of magic {unknown}
 z - a potion of flight {unknown}


   Skills:
 - Level 5.0 Fighting
 * Level 9.0 Axes
 - Level 3.2 Armour
 - Level 3.2 Shields


You had 6 spell levels left.
You didn't know any spells.
Your spell library contained the following spells:

 Spells                   Type           Power      Damage    Failure   Level
 Sandblast                Erth           0%         2d4       83%         1
 Blink                    Tloc           0%         N/A       93%         2
 Passwall                 Tmut/Erth      0%         N/A       93%         2
 Poisonous Vapours        Pois/Air       0%         N/A       93%         2
 Gell's Gravitas          Tloc           0%         N/A       99%         3
 Lesser Beckoning         Tloc           0%         N/A       99%         3
 Stone Arrow              Conj/Erth      0%         3d7       99%         3
 Teleport Other           Tloc           0%         N/A       99%         3
 Corpse Rot               Necr/Pois/Air  0%         N/A       100%        4
 Manifold Assault         Tloc           0%         N/A       100%        5
 Dispersal                Tloc           0%         N/A       100%        6


Dungeon Overview and Level Annotations

Branches:
Dungeon (5/15)            Ossuary (1/1)
 Temple: D:4-7

Altars:
Cheibriados
The Shining One

Shops:
D:4 =*


Message History

You hit the mummy. You barely miss the kobold zombie.
The kobold zombie completely misses you.
The mummy hits you! The mummy barely misses you.
You are too injured to fight recklessly!
You are too injured to fight recklessly!
You are too injured to fight recklessly!
You are too injured to fight recklessly!
You are too injured to fight recklessly!
You are too injured to fight recklessly!
You are too injured to fight recklessly!
You are too injured to fight recklessly!
You are too injured to fight recklessly!
You are too injured to fight recklessly!
You are too injured to fight recklessly!
You are too injured to fight recklessly!
You are too injured to fight recklessly!
You are too injured to fight recklessly!
You are too injured to fight recklessly!
You are too injured to fight recklessly!
You barely miss the mummy. x2; You hit the mummy.
You slash the hobgoblin zombie!
You destroy the hobgoblin zombie!
You slash the kobold zombie!
You destroy the kobold zombie!
You block the mummy's attack. The mummy barely misses you.
You barely miss the mummy. You slash the mummy! You hit the mummy.
You destroy the mummy!
You slash the mummy! The mummy barely misses you.
You slash the mummy!
The mummy is severely damaged.
You slash the mummy!
You destroy the mummy!
You hit the mummy but do no damage. The mummy hits you but does no damage.
Your Axes skill increases to level 9!
You hit the mummy.
The mummy is almost destroyed.
You hit the mummy but do no damage. The mummy hits you!
* * * LOW HITPOINT WARNING * * *
The mummy hits you!
You die...

.. ##..## .....
...##....##.....
................
..............
............
#........#
#....MM# #...@#
#....# #....#
#....# #....#
#....# #....#
#....# #.∩∩.#


You could see 2 mummies.

Vanquished Creatures
  Grinder (D:3)
  A gnoll sergeant (D:5)
  3 mummies
  2 adders
  7 gnolls
  A white imp (D:5)
  2 worms
  3 dart slugs
  2 orcs (D:3)
  6 endoplasms
  A giant cockroach (D:1)
  5 goblins
  9 hobgoblins
  7 kobolds
  2 quokkas
  6 ball pythons
  4 bats
  6 frilled lizards
  4 hobgoblin zombies (Ossuary)
  4 kobold zombies (Ossuary)
  5 rats
81 creatures vanquished.

Vanquished Creatures (others)
  5 fungi (D:1)
5 creatures vanquished.

Grand Total: 86 creatures vanquished

Notes
Turn   | Place    | Note
-------+----------+-------------------------------------------
     0 | D:1      | Crownlay the Hill Orc Fighter began the quest for the Orb.
     0 | D:1      | Reached XP level 1. HP: 19/19 MP: 1/1
    61 | D:1      | Reached skill level 3 in Axes
   119 | D:1      | Found a faded altar of an unknown god.
   420 | D:1      | Reached XP level 2. HP: 27/27 MP: 2/2
   719 | D:1      | Reached skill level 4 in Axes
   897 | D:2      | Reached XP level 3. HP: 33/33 MP: 3/3
  1495 | D:2      | Found a glowing golden altar of the Shining One.
  1615 | D:3      | Reached XP level 4. HP: 35/41 MP: 4/4
  1664 | D:3      | Noticed Grinder
  1670 | D:3      | Reached skill level 5 in Axes
  1675 | D:3      | Killed Grinder
  1676 | D:3      | Reached skill level 5 in Fighting
  1676 | D:3      | Reached skill level 7 in Axes
  1676 | D:3      | Reached XP level 5. HP: 22/48 MP: 5/5
  1676 | D:3      | Reached XP level 6. HP: 26/56 MP: 6/6
  1847 | D:3      | Found a snail-covered altar of Cheibriados.
  2623 | D:4      | Found Okulurchi's Jewellery Shop.
  2644 | D:4      | Found Zothar's Assorted Antiques.
  2653 | D:4      | Bought a scroll labelled HAOTOLESUG for 30 gold pieces
  2668 | D:5      | Entered Level 5 of the Dungeon
  2782 | D:5      | Reached skill level 8 in Axes
  2864 | D:5      | Reached XP level 7. HP: 14/61 MP: 7/7
  2872 | D:5      | Found a sand-covered staircase.
  2879 | Ossuary  | Entered an ossuary
  3029 | Ossuary  | Reached skill level 9 in Axes
  3029 | Ossuary  | Slain by a mummy

Illustrated notes

Levels and vault maps discovered:
D:1:      dpeg_arrival_rhombus, layout_basic,
          ebering_ecumenical_altar_abandoned, grunt_decor_cap,
          dreamdust_mushroom_princess, chequers_arboretum
D:2:      layout_basic, basic_altar, kennysheep_crisscross
D:3:      layout_rooms, lemuel_coloured_pillars_altar,
          small_statue_intersection, uniq_grinder
D:4:      layout_cave_pods, serial_shops, nicolae_lakefront_shop,
          nicolae_lakefront_shop, shop, shop
D:5:      layout_gridville, gup_ossuary_entry_pyramid
Ossuary:  ossuary_tomb_3

Skill      XL: |  1  2  3  4  5  6  7 |
---------------+----------------------+-----
Axes           | 3 4 7 8 9 |  9.0
Fighting       | 4 5 |  5.0
Armour         | |  3.2
Shields        | |  3.2

Action                   |  1- 3 |  4- 6 |  7- 9 || total
-------------------------+-------+-------+-------++-------
Melee: War axe           |    97 |    74 |    16 ||   187
  Use: Scroll            |     2 |     1 |       ||     3
Armor: Scale mail        |    42 |    19 |     3 ||    64
Dodge: Dodged            |    38 |    33 |     7 ||    78
Block: Buckler           |    20 |    12 |     1 ||    33

Table legend: (Time is in decaauts)
 A = Elapsed time spent in this place.
 B = Non-inter-level travel time spent in this place.
 C = Inter-level travel time spent in this place.
 D = Time resting spent in this place.
 E = Time spent auto-exploring this place.
 F = Levels seen in this place.
 G = Mean time per level.
                   A        B        C        D        E       F      G
               +--------+--------+--------+--------+--------+-----+--------+
         Total |   3076 |   2881 |    195 |     23 |   2234 |   6 |  512.7 |
       Dungeon |   2925 |   2730 |    195 |      0 |   2154 |   5 |  585.0 |
       Ossuary |    151 |    151 |      0 |     23 |     80 |   1 |  151.0 |
               +--------+--------+--------+--------+--------+-----+--------+

Top non-repeatable levels by time:
     D:3: 919 daAuts
     D:2: 831 daAuts
     D:1: 802 daAuts
     D:4: 228 daAuts
 Ossuary: 151 daAuts
     D:5: 143 daAuts
